 Dungeon Sprint DCSS version 0.29.1-2-gbd0b4ee654 (webtiles) character file.

Game seed: 13894634337938931163

13867 Zeld the Executioner (level 11, -10/115 HPs)
             Began as a Minotaur Berserker on Oct 25, 2022.
             Was the Champion of Trog.
             Killed from afar by a fire giant (39 damage)
             ... with a fireball
             ... in the Dungeon (Sprint I: "Red Sonja").
             The game lasted 00:05:33 (4585 turns).

Zeld the Executioner (Minotaur Berserker)           Turns: 4585, Time: 00:05:35

Health: -10/115    AC: 18    Str: 26    XL:     11   Next: 81%
Magic:  3/3        EV: 15    Int:  4    God:    Trog [******]
Gold:   593        SH:  0    Dex: 10    Spells: 10/10 levels left

rFire   . . .      SeeInvis +   a - +4 executioner's axe (antimagic)
rCold   . . .      Faith    .   (shield currently unavailable)
rNeg    . . .      Spirit   .   b - +3 scale mail {rPois}
rPois   +          Reflect  .   x - +2 hat
rElec   .          Harm     .   (no cloak)
rCorr   .          Rampage  .   z - +0 pair of gloves
Will    .....      NoTele   +   v - +0 pair of boots
Stlth   ..........              (no amulet)
HPRegen 0.29/turn               w - ring of see invisible
MPRegen 0.08/turn               r - ring of flight

@: on berserk cooldown, flying
A: horns 2, retaliatory headbutt
a: Renounce Religion, Berserk, Trog's Hand, Brothers in Arms


You were in the Dungeon.
You worshipped Trog.
Trog was exalted by your worship.
You visited 1 branch You collected 2550 gold pieces.
You spent 1957 gold pieces at shops.

Inventory:

Hand Weapons
 a - a +4 antimagic executioner's axe (weapon)
Armour
 b - a +3 scale mail of poison resistance (worn)
 v - a +0 pair of boots (worn)
 x - a +2 hat (worn)
 z - a +0 pair of gloves (worn)
Jewellery
 l - a ring of resist corrosion
 r - a ring of flight (right hand)
 w - a ring of see invisible (left hand)
Wands
 q - a wand of iceblast (4)
Scrolls
 g - 4 scrolls of identify {unknown}
 h - a scroll of blinking
 k - a scroll of immolation {unknown}
 m - a scroll of brand weapon {unknown}
 n - a scroll of torment {unknown}
 p - a scroll of poison {unknown}
 y - a scroll of fear {unknown}
Potions
 c - 6 potions of curing
 d - a potion of heal wounds
 e - 2 potions of haste
 f - 2 potions of magic
 i - 2 potions of brilliance {unknown}
 j - 2 potions of degeneration {unknown}
 o - a potion of berserk rage
 s - 2 potions of invisibility
 t - 2 potions of might
 u - a potion of mutation


   Skills:
 + Level 16.5 Fighting
 * Level 22.2 Axes
 + Level 16.2 Armour
 + Level 15.0 Dodging


You had 10 spell levels left.
You didn't know any spells.
Your spell library was empty.

Dungeon Overview and Level Annotations

Branches:
Dungeon (1/1)

Altars:
Cheibriados
Dithmenos
Elyvilon
Fedhas
Gozag
Hepliaklqana
Kikubaaqudgha
Makhleb
Nemelex Xobeh
Okawaru
Qazlal
Ru
Sif Muna
Trog
Uskayaw
Vehumet
Wu Jian
Xom
Yredelemnul
Zin
The Shining One
Jiyva
Lugonu

Shops:
D *==[(![[([(=(*[[[


Innate Abilities, Weirdness & Mutations

You have a pair of horns on your head.
You reflexively headbutt those who attack you in melee.


Message History

Trog grants you a weapon! Something appears at your feet!
You see here a +7 antimagic hand axe.
Your Dodging skill increases to level 15!
You feel a strong urge to attack something.
Things that are here:
a +7 antimagic hand axe; a +0 great sword of flaming; a fire giant corpse You are no longer berserk.
You are exhausted.
You feel yourself slow down.
You start resting.
A fire giant comes into view.
It is wielding a +2 great sword of flaming.
A fire giant is nearby!
A fire giant is nearby!
A fire giant is nearby!
Your cyclops goes berserk!
You swap places.
The fire giant hits you with a +2 great sword of flaming!!
The fire giant burns you!
Your cyclops barely misses the fire giant.
The fire giant hits you with a +2 great sword of flaming!!
* * * LOW HITPOINT WARNING * * *
The fire giant burns you.
* * * LOW HITPOINT WARNING * * *
You see here a +2 great sword of flaming.
Unknown command.
Blink to where?
Press: ? - help, Dir - move target
As you read the scroll of blinking, it crumbles to dust.
Your cyclops hits the fire giant!
The fire giant hits your cyclops with a +2 great sword of flaming!
The fire giant burns your cyclops.
Your cyclops hits the fire giant.
You hear a shout!
You feel yourself speed up.
Your cyclops hits the fire giant.
The fire giant points at you and mumbles some strange words.
The fireball explodes!
The fireball engulfs your cyclops!!!
Your cyclops dies!
Your cyclops's corpse disappears in a puff of smoke!
The fireball engulfs you!!!
You die...

############################
..#__#..')..#[.#§C§§§§.§.§.+
..'..'..#).)##§#§####C§§..##
#'#__####..)'..#@#.###CC.#####
#[####§.#####.§§§#'#.###§# $(##
#.#~~~.§#..##'####...#y#.##$$$#
§§§~~§§.'..#...☼.#...###..###$#
§_#~)§.§#.§#.....+.....##.#A#$#
#'##§#####§###°°.#.....#..###$#
#:#§§§.###.§§#○○.###++##.##..$#
####'###)###§#○.## #..#'###
.[÷....'[∩##.#..# ##...#


You could see a fire giant.

Vanquished Creatures
  3 fire giants (D)
  A lorocyproca (D)
  2 centaur warriors (D)
  Sonja (D)
  A deep troll (D)
  A lindwurm (D)
  An oklob plant (D)
  A gargoyle (D)
  7 unseen horrors (D)
  4 demonic crawlers (D)
  2 kobold demonologists (D)
  A hornet (D)
  A slime creature (D)
  Sigmund (D)
  A yak (D)
  13 hogs (D)
  2 redbacks (D)
  2 floating eyes (D)
  An ogre (D)
  7 necrophages (D)
  8 jellies (D)
  Ijyb (D)
62 creatures vanquished.

Vanquished Creatures (others)
  2 ballistomycete spores (D)
2 creatures vanquished.

Grand Total: 64 creatures vanquished

Notes
Turn   | Place    | Note
-------+----------+-------------------------------------------
     0 | D        | Zeld the Minotaur Berserker began the quest for the Orb.
     0 | D        | Reached XP level 1. HP: 19/19 MP: 0/0
     2 | D        | Noticed Ijyb
    15 | D        | Killed Ijyb
    16 | D        | Reached skill level 5 in Axes
    16 | D        | Reached XP level 2. HP: 23/28 MP: 1/1
   346 | D        | Noticed an ogre
   350 | D        | Killed an ogre
   351 | D        | Reached skill level 7 in Axes
   351 | D        | Reached skill level 5 in Armour
   351 | D        | Reached XP level 3. HP: 37/37 MP: 2/2
   351 | D        | Reached XP level 4. HP: 44/44 MP: 3/3
   465 | D        | Noticed Sigmund
   474 | D        | Killed Sigmund
   474 | D        | Reached ** piety under Trog
   475 | D        | Reached skill level 10 in Axes
   475 | D        | Reached XP level 5. HP: 52/52 MP: 4/4
   606 | D        | Found a burning altar of Makhleb.
   606 | D        | Found a viscous altar of Jiyva.
   606 | D        | Found a shimmering altar of Xom.
   606 | D        | Found a corrupted altar of Lugonu.
   606 | D        | Noticed a slime creature
   614 | D        | Killed a slime creature
   615 | D        | Reached skill level 11 in Axes
   615 | D        | Reached XP level 6. HP: 62/62 MP: 5/5
   709 | D        | Noticed a kobold demonologist
   709 | D        | Noticed a floating eye
   709 | D        | Noticed a kobold demonologist
   712 | D        | Noticed an ice devil
   713 | D        | Killed a floating eye
   714 | D        | Reached skill level 12 in Axes
   714 | D        | Reached XP level 7. HP: 69/69 MP: 6/6
   714 | D        | Killed a kobold demonologist
   714 | D        | Reached *** piety under Trog
   715 | D        | Reached skill level 13 in Axes
   722 | D        | Killed a kobold demonologist
   723 | D        | Reached skill level 10 in Fighting
   723 | D        | Reached XP level 8. HP: 79/79 MP: 7/7
   770 | D        | Found an ornate altar of the Wu Jian Council.
   770 | D        | Found a shimmering blue altar of Sif Muna.
   772 | D        | Found a radiant altar of Vehumet.
   802 | D        | Found Ohueczob's Jewellery Emporium.
   802 | D        | Found an ancient bone altar of Kikubaaqudgha.
   802 | D        | Found a hazy altar of Hepliaklqana.
   802 | D        | Found a hide-covered altar of Uskayaw.
   802 | D        | Found a basalt altar of Yredelemnul.
   802 | D        | Found an opulent altar of Gozag.
   802 | D        | Found a snail-covered altar of Cheibriados.
   802 | D        | Found a sacrificial altar of Ru.
   802 | D        | Found a shadowy altar of Dithmenos.
   808 | D        | Reached skill level 14 in Axes
   808 | D        | Reached skill level 10 in Armour
   808 | D        | Found a stormy altar of Qazlal.
   808 | D        | Found a blossoming altar of Fedhas.
   808 | D        | Found a bloodstained altar of Trog.
   808 | D        | Found an iron altar of Okawaru.
   808 | D        | Found a glowing golden altar of the Shining One.
   808 | D        | Found a glowing silver altar of Zin.
   808 | D        | Found a white marble altar of Elyvilon.
   809 | D        | Found a sparkling altar of Nemelex Xobeh.
   923 | D        | Noticed Sonja
   926 | D        | Killed Sonja
   926 | D        | Reached **** piety under Trog
   927 | D        | Reached skill level 15 in Axes
   927 | D        | Reached skill level 10 in Dodging
  1107 | D        | Found Bitram's Assorted Antiques.
  1115 | D        | Bought a scroll labelled LOEFOW ZUKKIS for 26 gold pieces
  1115 | D        | Bought a scroll labelled AHIXEZXEALL for 26 gold pieces
  1127 | D        | Noticed a deep troll
  1136 | D        | Killed a deep troll
  1137 | D        | Reached XP level 9. HP: 78/90 MP: 8/8
  1442 | D        | Found Ulaorhy's Armour Emporium.
  1449 | D        | Bought a +3 scale mail of poison resistance for 253 gold
                  | pieces
  1486 | D        | Noticed a centaur warrior
  1486 | D        | Noticed a centaur warrior
  1492 | D        | Killed a centaur warrior
  1493 | D        | Reached skill level 16 in Axes
  1499 | D        | Killed a centaur warrior
  1500 | D        | Reached skill level 17 in Axes
  1747 | D        | Noticed an oklob plant
  1759 | D        | Killed an oklob plant
  1760 | D        | Reached XP level 10. HP: 101/101 MP: 9/9
  1836 | D        | Reached ***** piety under Trog
  2039 | D        | Reached skill level 18 in Axes
  2086 | D        | Received a gift from Trog
  2114 | D        | Received a gift from Trog
  2136 | D        | Found Loraole's Armour Shoppe.
  2136 | D        | Found Fuof's Jewellery Shop.
  2136 | D        | Found Fecs's Antique Weapon Boutique.
  2138 | D        | Found Ishao's Distillery.
  2138 | D        | Found Sulikhaf's Armour Shop.
  2138 | D        | Found Leelouq's Antique Armour Shoppe.
  2138 | D        | Found Tinout's Antique Weapon Boutique.
  2138 | D        | Found Hemmill's Antique Armour Emporium.
  2138 | D        | Found Uniq's Weapon Shop.
  2138 | D        | Found Ezuczoant's Jewellery Shoppe.
  2140 | D        | Bought a ring of flight for 245 gold pieces
  2143 | D        | Found Moph's Weapon Boutique.
  2144 | D        | Bought a potion of invisibility for 112 gold pieces
  2144 | D        | Bought a potion of curing for 42 gold pieces
  2144 | D        | Bought a potion of might for 56 gold pieces
  2144 | D        | Bought a potion of haste for 140 gold pieces
  2144 | D        | Bought a potion of invisibility for 112 gold pieces
  2144 | D        | Bought a potion of mutation for 112 gold pieces
  2144 | D        | Found Giocah's Armour Emporium.
  2144 | D        | Found Kyhukh's Assorted Antiques.
  2145 | D        | Found Iluonaem's Antique Armour Emporium.
  2149 | D        | Bought a pair of boots for 99 gold pieces
  2156 | D        | Bought a ring of see invisible for 210 gold pieces
  2161 | D        | Bought a grey potion for 19 gold pieces
  2162 | D        | Bought a +2 hat for 208 gold pieces
  2168 | D        | Bought a scroll labelled HUTHOU ROAM for 22 gold pieces
  2168 | D        | Bought a potion of curing for 66 gold pieces
  2168 | D        | Bought a scroll labelled XIUMOF GEREPS for 22 gold pieces
  2168 | D        | Bought a potion of might for 88 gold pieces
  2174 | D        | Bought a pair of gloves for 99 gold pieces
  2249 | D        | Reached skill level 19 in Axes
  2255 | D        | Reached ****** piety under Trog
  2257 | D        | Received a gift from Trog
  2260 | D        | Noticed a gargoyle
  2268 | D        | Killed a gargoyle
  2601 | D        | Noticed a lorocyproca
  2613 | D        | Killed a lorocyproca
  2614 | D        | Reached skill level 20 in Axes
  3142 | D        | Noticed a lindwurm
  3149 | D        | Killed a lindwurm
  3150 | D        | Reached XP level 11. HP: 90/111 MP: 3/10
  3263 | D        | Reached skill level 15 in Fighting
  3267 | D        | Identified the +9 war axe of Welfare {vorpal, rCorr} (Trog
                  | gifted it to you in the Dungeon)
  3267 | D        | Received a gift from Trog
  3274 | D        | Reached skill level 15 in Armour
  3281 | D        | Received a gift from Trog
  3638 | D        | Noticed a daeva
  3645 | D        | Reached skill level 21 in Axes
  4047 | D        | Noticed a fire giant
  4071 | D        | Killed a fire giant
  4071 | D        | Identified the +1 war axe of the Pyrrhic Victory {vorpal,
                  | rN++ Str-3} (Trog gifted it to you in the Dungeon)
  4071 | D        | Received a gift from Trog
  4385 | D        | Noticed a fire giant
  4385 | D        | Noticed a fire giant
  4413 | D        | Killed a fire giant
  4414 | D        | Reached skill level 22 in Axes
  4560 | D        | Killed a fire giant
  4560 | D        | Received a gift from Trog
  4561 | D        | Reached skill level 15 in Dodging
  4577 | D        | Noticed a fire giant
  4585 | D        | Killed from afar by a fire giant

Illustrated notes

Levels and vault maps discovered:
D:        dungeon_sprint_1 [red_sonja_temple_1, red_sonja_temple_small_1]

Skill      XL: |  1  2  3  4  5  6  7  8  9 10 11 |
---------------+----------------------------------+-----
Fighting       | 4 6 7 8 10 11 13 14 16 | 16.5
Axes           | 5 7 10 11 12 13 15 17 20 22 | 22.2
Armour         | 3 5 6 8 9 11 12 14 16 | 16.2
Dodging        | 3 4 6 7 9 10 11 13 15 | 15.0

Action                   |  1- 3 |  4- 6 |  7- 9 | 10-12 || total
-------------------------+-------+-------+-------+-------++-------
Melee: Unarmed           |     7 |       |       |       ||     7
       Hand axe          |     7 |    16 |    50 |    24 ||    97
       Headbutt          |     1 |     3 |    17 |    30 ||    51
       Punch             |       |       |     1 |       ||     1
       Battleaxe         |       |       |       |    40 ||    40
       Executioner's axe |       |       |       |    59 ||    59
Invok: Berserk           |     2 |     3 |     5 |     4 ||    14
       Brothers in Arms  |       |       |       |     1 ||     1
Evoke: Wand              |       |       |     1 |       ||     1
  Use: Scroll            |       |       |       |     1 ||     1
Armor: Animal skin       |     1 |       |     3 |       ||     4
       Scale mail        |       |       |    12 |    55 ||    67
Dodge: Dodged            |     3 |     2 |    15 |    78 ||    98
